 Dungeon Crawl Stone Soup version 0.18-b1-16-g289874d (webtiles) character file.

22507 GFox the Blocker (level 12, -3/108 HPs)
             Began as a Minotaur Fighter on Apr 30, 2016.
             Was a High Priest of Qazlal.
             Slain by an orc knight
             ... wielding a +0 broad axe
              (28 damage)
             ... on level 2 of the Orcish Mines on May 2, 2016.
             The game lasted 05:18:24 (11282 turns).

GFox the Blocker (Minotaur Fighter)                Turns: 11282, Time: 05:18:24

Health: -3/108     AC: 25    Str: 26    XL:     12   Next: 63%
Magic:  11/11      EV: 10    Int:  7    God:    Qazlal [*****.]
Gold:   891        SH: 20    Dex: 10    Spells: 0 memorised, 11 levels left

rFire  + . .     SeeInvis .     q - +7 war axe (drain)
rCold  . . .     Gourm    .     U - +2 plate armour {rF+}
rNeg   . . .     Faith    .     c - +0 shield
rPois  +         Spirit   .     (helmet restricted)
rElec  .         Dismiss  .     J - +1 cloak
rCorr  .         Reflect  .     O - +0 pair of gloves
SustAt .         Harm     .     o - +0 pair of boots
MR     .....     Clarity  +     (no amulet)
Stlth  ..........               l - +4 ring of intelligence
                                C - ring of stealth

@: protected from physical damage, repel missiles, not resistant to hostile
enchantments, extremely unstealthy
A: retaliatory headbutt, horns 2, blink, clarity, deterioration 1, dopey 1,
poison resistance, regeneration 1
a: Blink, Upheaval, Elemental Force, Disaster Area, Renounce Religion


You were on level 2 of the Orcish Mines.
You worshipped Qazlal.
Qazlal was extremely pleased with you.
You were not hungry.

You visited 3 branches of the dungeon, and saw 15 of its levels.
You also visited: Sewer.

You collected 891 gold pieces.

Inventory:

Hand Weapons
 q - a +7 war axe of draining (weapon)
 y - the +1 eveningstar "Brilliance" {holy, rN+ AC+5 Int+5}
   (You found it on level 6 of the Dungeon)

   It has been blessed by the Shining One to cause great damage to the undead
   and demons.
   It affects your AC (+5).
   It affects your intelligence (+5).
   It protects you from negative energy.
 L - the +1 rapier of the Thing {flame, +Inv rPois MR+++ Int-4}
   (You found it on level 8 of the Dungeon)

   It has been specially enchanted to burn those struck by it, causing extra
   injury to most foes and up to half again as much damage against particularly
   susceptible opponents.
   It affects your intelligence (-4).
   It protects you from poison.
   It affects your resistance to hostile enchantments.
   It lets you turn invisible.
 P - a +0 hand crossbow of flaming
Missiles
 m - 8 javelins (quivered)
 w - 6 silver javelins
Armour
 c - a +0 shield (worn)
 o - a +0 pair of boots (worn)
 J - a +1 cloak (worn)
 O - a +0 pair of gloves (worn)
 U - a +2 plate armour of fire resistance (worn)
Jewellery
 b - an uncursed ring of wizardry
 e - an uncursed ring of magical power
 j - an uncursed ring of flight
 k - an uncursed ring of magical power
 l - a +4 ring of intelligence (right hand)
 C - a ring of stealth (left hand)
Wands
 B - a wand of acid (5/15)
 F - a wand of acid (7/15)
 I - a wand of random effects (42/48)
Scrolls
 g - 4 scrolls of identify
 h - 6 scrolls of teleportation
 p - 2 scrolls of remove curse
 u - 4 scrolls of magic mapping
 S - 2 scrolls of blinking
 T - a scroll of fog
Potions
 a - 4 potions of curing
 d - 4 potions of might
 n - a potion of agility
 r - a potion of heal wounds
 v - a potion of haste
 G - 3 potions of magic
 M - a potion of brilliance
Books
 x - a book of Clouds

   Spells                             Type                      Level
   a - Mephitic Cloud                 Conjuration/Poison/Air       3
   b - Conjure Flame                  Conjuration/Fire             3
   c - Poisonous Cloud                Conjuration/Poison/Air       6
   d - Freezing Cloud                 Conjuration/Ice/Air          6
   e - Ring of Flames                 Charms/Fire                  7
 D - a book of Debilitation

   Spells                             Type                      Level
   a - Corona                         Hexes                        1
   b - Slow                           Hexes                        2
   c - Gell's Gravitas                Hexes/Translocation          3
   d - Inner Flame                    Hexes/Fire                   3
   e - Cause Fear                     Hexes                        4
   f - Leda's Liquefaction            Hexes/Earth                  4
 N - a book of Spatial Translocations

   Spells                             Type                      Level
   a - Apportation                    Translocation                1
   b - Blink                          Translocation                2
   c - Shroud of Golubria             Charms/Translocation         2
   d - Portal Projectile              Translocation                3
   e - Teleport Other                 Translocation                3
   f - Passage of Golubria            Translocation                4
Miscellaneous
 A - a plain deck of changes {the Elixir}
Comestibles
 f - 9 bread rations
 i - 4 meat rations
 s - 4 fruits
 E - 2 beef jerkies
 K - 5 royal jellies
 Q - a slice of pizza


   Skills:
 + Level 10.9 Fighting
 + Level 0.9 Short Blades
 + Level 9.2(10.9) Axes
 + Level 9.6(11.1) Maces & Flails
 + Level 0.6 Throwing
 + Level 10.3 Armour
 + Level 10.1 Dodging
 + Level 1.9 Stealth
 + Level 12.6 Shields


You had 11 spell levels left.
You didn't know any spells.

Dungeon Overview and Level Annotations

Branches:
Dungeon (12/15)            Temple (1/1) D:6            Lair (0/8) D:11
    Orc (2/2) D:12
    Elf: Orc:2

Altars:
Ashenzari
Cheibriados
Dithmenos
Elyvilon
Fedhas
Gozag
Kikubaaqudgha
Makhleb
Nemelex Xobeh
Okawaru
Pakellas
Qazlal
Ru
Sif Muna
Trog
Vehumet
Xom
Yredelemnul
Zin
The Shining One

Portals:
Trove: D:12 (give +3 gold dragon armour)


Innate Abilities, Weirdness & Mutations

You reflexively headbutt those who attack you in melee.
You have a pair of horns on your head.
You can translocate small distances at will.
You possess an exceptional clarity of mind.
Your body sometimes deteriorates upon taking damage.
You are dopey. (Int -2)
Your system is resistant to poisons.
Your natural rate of healing is unusually fast.


Message History

You slice the orc knight!!
The orc knight is severely wounded.
You barely miss the orc warrior.
You hear a shout!
The orc warrior hits you with a war axe!
* * * LOW HITPOINT WARNING * * *
You block the orc knight's attack.
The orc knight roars a battlecry!
The orcs go into a battle-frenzy!
The orc knight hits you from afar with a glaive.
* * * LOW HITPOINT WARNING * * *
You completely miss the orc knight. Your headbutt misses the orc knight.
The orc knight is severely wounded.
You barely miss the orc warrior. You hit the orc wizard.
You kill the orc wizard!
Qazlal accepts your kill.
You hear a shout!
You block the orc warrior's attack.
The orc knight hits you with a broad axe!!
You die...

...$.......... .
............. ..
#.............
...#..............
.......#..........
.....§)§..........
.....oo))).#......
...oooo@§§$.......
##...###)()...$...
## #.)†.......#
#...<..(.$..
##....#.....
#...$......
##.........
###....#.. ...## .


You could see 2 orc knights, 3 orc warriors and an orc.

Vanquished Creatures
  A centaur warrior (Orc:2)
  A death knight (D:12)
  An unseen horror (D:11)
  4 hill giants
  2 orc sorcerers
  An ugly thing (D:12)
  A deep elf mage (D:11)
  A gargoyle (D:12)
  3 kobold demonologists
  8 trolls
  6 two-headed ogres
  4 slime creatures (D:12)
  Sigmund (D:6)
  A wyvern (D:9)
  A human (D:11)
  10 yaks (D:11)
  2 wraiths (D:10)
  A hungry ghost (D:11)
  3 vampire mosquitoes (D:9)
  2 hippogriffs
  2 mottled dragons (D:12)
  A warg (Orc:1)
  2 black bears (D:9)
  14 orc warriors
  An ice beast (D:8)
  An eye of draining (D:3)
  4 sky beasts
  A necrophage (D:11)
  11 ogres
  11 centaurs
  3 crocodiles
  8 giant frogs
  7 gnoll sergeants
  4 big kobolds (D:12)
  A wyvern zombie (D:7)
  2 scorpions
  14 killer bees
  10 wights
  3 howler monkeys
  6 crimson imps
  A giant frog zombie (D:10)
  5 hounds
  A quasit (D:5)
  2 jellies
  10 orc priests
  5 centaur skeletons
  7 orc wizards
  3 giant frog skeletons
  5 iguanas
  8 worker ants
  A killer bee zombie (D:9)
  A hound skeleton (D:8)
  A worker ant zombie (D:9)
  15 gnolls
  16 adders
  3 river rats (D:11)
  3 shadow imps
  An ooze (D:2)
  An adder skeleton (D:7)
  2 worms (D:2)
  3 dart slugs
  5 giant geckos
  38 orcs
  14 bats
  21 giant cockroaches
  2 gnoll zombies (D:8)
  5 hobgoblins
  11 jackals
  16 kobolds
  5 quokkas
  5 ball pythons
  10 giant newts
  7 goblins
  A goblin zombie (D:5)
  A kobold skeleton (D:5)
  A kobold zombie (D:5)
  4 orc skeletons (D:5)
  An orc zombie (D:5)
  A quokka skeleton (D:6)
  19 rats
  8 fungi (D:11)
  7 plants (D:11)
436 creatures vanquished.

Vanquished Creatures (others)
  An ogre mage (Orc:2)
  A bat (D:11)
  8 fungi (D:11)
10 creatures vanquished.

Grand Total: 446 creatures vanquished

Notes
Turn   | Place    | Note
--------------------------------------------------------------
     0 | D:1      | GFox the Minotaur Fighter began the quest for the Orb.
     0 | D:1      | Reached XP level 1. HP: 19/19 MP: 0/0
   240 | D:1      | Reached XP level 2. HP: 27/27 MP: 1/1
   530 | D:1      | Found a snail-covered altar of Cheibriados.
   839 | D:1      | Found a sacrificial altar of Ru.
   839 | D:1      | Found a sparkling altar of Nemelex Xobeh.
   923 | D:2      | Reached XP level 3. HP: 34/34 MP: 2/2
  1023 | D:2      | Reached skill level 4 in Shields
  1485 | D:2      | Reached XP level 4. HP: 41/41 MP: 3/3
  1598 | D:2      | Reached skill level 1 in Dodging
  1884 | D:3      | Reached skill level 5 in Fighting
  1887 | D:3      | Found a bloodstained altar of Trog.
  1888 | D:3      | Noticed an eye of draining
  1897 | D:3      | Killed an eye of draining
  1897 | D:3      | Reached XP level 5. HP: 37/48 MP: 0/4
  2071 | D:3      | Found a shattered altar of Ashenzari.
  2364 | D:3      | Reached skill level 5 in Armour
  3092 | D:4      | Noticed an ogre
  3098 | D:4      | Killed an ogre
  3098 | D:4      | Reached XP level 6. HP: 57/57 MP: 1/5
  3160 | D:4      | Gained mutation: Your spells are a little harder to cast, but a little more powerful. [potion of mutation]
  3160 | D:4      | Gained mutation: You are dopey. (Int -2) [potion of mutation]
  3160 | D:4      | Lost mutation: Your spells are a little harder to cast, but a little more powerful. [potion of mutation]
  3162 | D:4      | Gained mutation: Your system is resistant to poisons. [potion of mutation]
  3162 | D:4      | Gained mutation: You are frail (-10% HP). [potion of mutation]
  3162 | D:4      | Lost mutation: You are frail (-10% HP). [potion of mutation]
  3260 | D:5      | Entered Level 5 of the Dungeon
  3443 | D:5      | Found a glowing golden altar of the Shining One.
  3504 | D:5      | Found an ancient bone altar of Kikubaaqudgha.
  3508 | D:5      | Reached XP level 7. HP: 50/62 MP: 2/6
  3519 | D:5      | Reached skill level 5 in Shields
  3987 | D:6      | Found a glowing drain.
  4013 | Sewer    | Entered a sewer
  4289 | Sewer    | Reached skill level 5 in Axes
  4522 | D:6      | Found a shimmering altar of Xom.
  4602 | D:6      | Noticed Sigmund
  4613 | D:6      | Killed Sigmund
  4613 | D:6      | Reached skill level 1 in Stealth
  4615 | D:6      | Reached skill level 6 in Shields
  4618 | D:6      | Reached XP level 8. HP: 51/70 MP: 7/7
  4850 | D:6      | Found a bloodstained altar of Trog.
  4856 | D:6      | Reached skill level 1 in Maces & Flails
  4958 | D:6      | Found a staircase to the Ecumenical Temple.
  5003 | Temple   | Entered the Ecumenical Temple
  5172 | Temple   | Became a worshipper of Qazlal Stormbringer
  5182 | Temple   | Upgraded the game from 0.18-b1-14-g029dad2 to 0.18-b1-16-g289874d
  5813 | D:7      | Reached skill level 5 in Dodging
  5813 | D:7      | Reached skill level 7 in Shields
  5840 | D:7      | Found an opulent altar of Gozag.
  5840 | D:7      | Found an iron altar of Okawaru.
  5903 | D:8      | Found a radiant altar of Vehumet.
  6042 | D:8      | Reached XP level 9. HP: 78/78 MP: 8/8
  6090 | D:8      | Got an ichor-stained rapier
  6091 | D:8      | Identified the +1 rapier of the Thing {flame, +Inv rPois MR+++ Int-4} (You found it on level 8 of the Dungeon)
  6321 | D:8      | Found a basalt altar of Yredelemnul.
  6427 | D:8      | Reached * piety under Qazlal
  6612 | D:9      | Noticed a troll
  6614 | D:9      | Reached skill level 8 in Shields
  6622 | D:9      | Killed a troll
  6622 | D:9      | Reached skill level 5 in Maces & Flails
  6665 | D:9      | Noticed a hill giant
  6672 | D:9      | Killed a hill giant
  6687 | D:9      | Reached XP level 10. HP: 50/88 MP: 9/9
  6694 | D:9      | Reached skill level 9 in Shields
  7126 | D:9      | Gained mutation: Your magical capacity is low (-10% MP). [potion of mutation]
  7126 | D:9      | Gained mutation: You possess an exceptional clarity of mind. [potion of mutation]
  7381 | D:9      | Lost mutation: Your magical capacity is low (-10% MP). [potion of mutation]
  7381 | D:9      | Gained mutation: You are very dopey. (Int -4) [potion of mutation]
  7381 | D:9      | Gained mutation: Your natural rate of healing is unusually fast. [potion of mutation]
  7430 | D:9      | Reached ** piety under Qazlal
  7709 | D:10     | Entered Level 10 of the Dungeon
  7842 | D:10     | Found an oddly glowing altar of Pakellas.
  8185 | D:10     | Noticed a hill giant
  8189 | D:10     | Killed a hill giant
  8189 | D:10     | Reached skill level 10 in Shields
  8767 | D:11     | Reached XP level 11. HP: 97/97 MP: 10/10
  8781 | D:11     | Reached *** piety under Qazlal
  8987 | D:11     | Found a sacrificial altar of Ru.
  9061 | D:11     | Noticed a deep elf mage
  9065 | D:11     | Noticed a hill giant
  9073 | D:11     | Killed a hill giant
  9076 | D:11     | Killed a deep elf mage
  9238 | D:11     | Reached skill level 11 in Shields
  9549 | D:11     | Reached **** piety under Qazlal
  9567 | D:11     | Noticed a hill giant
  9577 | D:11     | Killed a hill giant
  9704 | D:11     | Killed an unseen horror
  9926 | D:11     | Found a staircase to the Lair.
 10131 | D:12     | Noticed a purple ugly thing
 10137 | D:12     | Reached skill level 10 in Fighting
 10141 | D:12     | Killed a purple ugly thing
 10147 | D:12     | Found a stormy altar of Qazlal.
 10180 | D:12     | Gained mutation: You can translocate small distances at will. [potion of beneficial mutation]
 10441 | D:12     | Found a staircase to the Orcish Mines.
 10450 | D:12     | Gained mutation: Your body sometimes deteriorates upon taking damage. [a neqoxec]
 10456 | D:12     | Reached ***** piety under Qazlal
 10456 | D:12     | Reached XP level 12. HP: 74/106 MP: 11/11
 10585 | D:12     | Lost mutation: You are very dopey. (Int -4) [mutagenic meat]
 10606 | D:12     | Noticed a death knight
 10620 | D:12     | Reached skill level 12 in Shields
 10624 | D:12     | Killed a death knight
 10886 | D:12     | Found a portal to a secret trove of treasure.
 10988 | Orc:1    | Entered Level 1 of the Orcish Mines
 11008 | Orc:1    | Reached skill level 10 in Dodging
 11008 | Orc:1    | Reached skill level 10 in Armour
 11241 | Orc:2    | Entered Level 2 of the Orcish Mines
 11242 | Orc:2    | Paralysed by an orc sorcerer for 4 turns
 11248 | Orc:2    | Noticed an ogre mage
 11257 | Orc:2    | Killed an ogre mage
 11261 | Orc:2    | Noticed a centaur warrior
 11271 | Orc:2    | Killed a centaur warrior
 11282 | Orc:2    | Slain by an orc knight

Skill      XL: |  1  2  3  4  5  6  7  8  9 10 11 12 |
---------------+-------------------------------------+-----
Fighting       | 4 5 6 7 9 10 | 10.9
Armour         | 4 5 6 7 8 9 10 | 10.3
Shields        | 4 6 7 8 10 11 12 | 12.6
Dodging        | 1 2 4 5 6 8 9 10 | 10.1
Axes           | 3 4 5 6 9 |  9.2
Stealth        | 1 |  1.9
Maces & Flails | 4 6 8 9 |  9.6
Short Blades   | |  0.9
Throwing       | |  0.6

Action                   |  1- 3 |  4- 6 |  7- 9 | 10-12 || total
-------------------------+-------+-------+-------+-------++-------
Melee: War axe           |    75 |   120 |    82 |   202 ||   479
       Headbutt          |    10 |    15 |    36 |    81 ||   142
       Eveningstar       |       |       |   145 |   249 ||   394
       Rapier            |       |       |    13 |       ||    13
Throw: Javelin           |       |       |       |     6 ||     6
Invok: Upheaval          |       |       |       |     1 ||     1
  Use: Scroll            |     5 |     5 |     8 |    17 ||    35
       Potion            |       |     5 |       |    12 ||    17
  Eat: Chunk             |     2 |     2 |     5 |    17 ||    26
       Meat ration       |       |     1 |       |       ||     1
       Fruit             |       |       |     1 |       ||     1
       Bread ration      |       |       |     1 |       ||     1
Armor: Scale mail        |    35 |    61 |   111 |   164 ||   371
       Plate armour      |       |       |       |    37 ||    37
Dodge: Dodged            |    24 |    40 |    95 |   221 ||   380
       Deflected         |       |       |       |     1 ||     1
Block: Shield            |    35 |    67 |   174 |   497 ||   773
